 Dungeon Crawl Stone Soup version 0.28.0-53-g5a82cb258f (webtiles) character file.

Game seed: 3384877547718016781

19 LynnLen the Sneak (level 2, 0/19 HPs)
             Began as a Vampire Enchanter on Aug 9, 2022.
             Slain by an adder (4 damage)
             ... on level 2 of the Dungeon on Aug 10, 2022.
             The game lasted 00:04:35 (1075 turns).

LynnLen the Sneak (Vampire Enchanter)               Turns: 1075, Time: 00:04:36

Health: 0/19       AC:  4    Str:  7    XL:     2   Next: 55%
Magic:  5/5        EV: 12    Int: 17    God:
Gold:   23         SH:  0    Dex: 14    Spells: 5/5 levels left

rFire   . . .      SeeInvis +   a - +1 dagger
rCold   . . .      Faith    .   (no shield)
rNeg    . . .      Spirit   .   d - +0 leather armour
rPois   .          Reflect  .   (no helmet)
rElec   .          Harm     .   (no cloak)
rCorr   .          Rampage  .   i - +0 pair of gloves
Will    .....                   (no boots)
Stlth   +.........              (no amulet)
HPRegen 0.26/turn               (no ring)
MPRegen 0.09/turn               (no ring)

@: confused, brilliant, lethally poisoned (0 -> -3), ambrosia-drunk, healing
quickly
A: alive, fangs 3, see invisible, vampiric 1
a: Exsanguinate


You were on level 2 of the Dungeon.
You visited 1 branch of the dungeon, and saw 2 of its levels.

You collected 23 gold pieces.

Inventory:

Hand Weapons
 a - a +1 dagger (weapon)
 f - a +0 hunting sling
Missiles
 h - 6 poisoned darts (quivered)
Armour
 b - a +0 robe
 d - a +0 leather armour (worn)
 i - a +0 pair of gloves (worn)
 l - a +0 pair of boots
Potions
 e - a potion of attraction {unknown}
 g - a potion of might {unknown}
 j - a potion of brilliance
 k - a potion of curing {unknown}


   Skills:
 + Level 1.5 Short Blades
 + Level 2.5 Dodging
 + Level 4.7 Stealth
 + Level 2.2 Spellcasting
 + Level 4.7 Hexes


You had 5 spell levels left.
You didn't know any spells.
Your spell library contained the following spells:

 Spells                   Type           Power      Damage    Failure   Level
 Confusing Touch          Hex            26%        N/A       12%         3
 Tukima's Dance           Hex            26%        N/A       12%         3
 Ensorcelled Hibernation  Hex/Ice        28%        N/A       17%         2
 Dazzling Flash           Conj/Hex       28%        N/A       32%         3


Dungeon Overview and Level Annotations

Branches:
Dungeon (2/15)

Altars:

Annotations:
D:2 Natasha


Innate Abilities, Weirdness & Mutations

Your natural rate of healing is accelerated.
You have razor-sharp teeth.
You have supernaturally acute eyesight. (SInv)
You are afflicted with vampirism.


Message History

A kobold comes into view. It is wielding a +0 dagger.
Found a scroll labelled CEANNAL VAQOI.
Natasha claws you.
Okay, then.
As you read the scroll labelled AMOSSY LULAPT, it crumbles to dust.
You assume a fearsome visage.
Natasha looks frightened!
The gnoll looks frightened! x4; The kobold looks frightened!
It was a scroll of fear.
You see here 28 arrows.
You start resting.
HP restored.
Found a scroll of teleportation.
An adder comes into view.
The adder hisses angrily.
You barely miss the adder. The adder bites you.
You are poisoned.
The adder poisons you!
You hit the adder but do no damage. Your bite misses the adder.
You feel sick. The adder bites you but does no damage.
You barely miss the adder.
You feel sick. The adder bites you.
You hit the adder but do no damage.
You feel sick. The adder bites you.
You barely miss the adder.
You feel sick.
You are no longer poisoned.
The adder closely misses you. The adder bites you.
You closely miss the adder. The adder bites you.
* * * LOW HITPOINT WARNING * * *
You are lethally poisoned!
The adder poisons you!
You closely miss the adder. Your bite misses the adder.
* * * LOW HITPOINT WARNING * * *
You feel sick. The adder bites you but does no damage.
It was a potion of brilliance.
You feel clever all of a sudden.
* * * LOW HITPOINT WARNING * * *
You feel sick. The adder misses you.
It was a potion of ambrosia.
You are confused.
You feel invigorated.
You feel sick. The adder bites you.
* * * LOW HITPOINT WARNING * * *
The adder bites you.
You die...

####### ###.....#
#.....#.#
########+#
#....<#<#
#..?.....
#.....#.# #......#
#.....#.###.....!#
#.###.#.#........#
#.###.#.#.......@#
#..##.#.#.......S#
##.##.#.#.....##.#
...##.#.#.....##.#
###.#.#.......##.#
....#.........##.#
###.####......##.#
#.# #.............
#.# #.#...........


You could see an adder.

Vanquished Creatures
  A bat (D:1)
  2 giant cockroaches
  2 goblins (D:1)
  3 hobgoblins (D:1)
  A quokka (D:1)
  2 ball pythons (D:1)
  2 frilled lizards (D:1)
  A kobold (D:1)
  4 rats (D:1)
18 creatures vanquished.

Notes
Turn   | Place    | Note
-------+----------+-------------------------------------------
     0 | D:1      | LynnLen the Vampire Enchanter began the quest for the Orb.
     0 | D:1      | Reached XP level 1. HP: 13/13 MP: 3/3
   242 | D:1      | Reached XP level 2. HP: 19/19 MP: 5/5
   369 | D:1      | Found a faded altar of an unknown god.
  1004 | D:2      | Noticed Natasha
  1075 | D:2      | Slain by an adder

Illustrated notes

Levels and vault maps discovered:
D:1:      grunt_arrival_crossed_arrows, layout_loops_ring,
          nicolae_ecumenical_lake_church, chequers_serial_rivers_micro_d,
          minmay_misc_feat_tiny, minmay_pentomino_r4
D:2:      layout_basic, supply_closet_lemuel, uniq_natasha

Action                   || total
-------------------------++-------
Melee: Dagger            ||    68
       Bite              ||     4
Throw: Dart              ||     3
  Use: Potion            ||     3
       Scroll            ||     2
 Stab: Sleeping          ||     4
Armor: Leather armour    ||    29
Dodge: Dodged            ||    39
